Map: Overgrown Facility

Players

Metasapien

  • Race: Zerg Zerg
  • League: Platinum
  • Spawn Location: 9:00

Kswiss

  • Race: Protoss Protoss
  • League: Silver
  • Spawn Location: 7:00

mas

  • Race: Protoss Protoss
  • Spawn Location: 1:00

solidwilliam

  • Race: Terran Terran
  • Spawn Location: 3:00

VOD

Have the link to the VOD?

Description

Time

  • Played on: Sept. 23, 2017, 3:38 a.m.
  • Length: 9:50
Show
View Real Time Build Order
Export as new Build Order

Metasapien Zerg 

Build Orders: Pool First 

Get SALT Encoding   

  12  0:01  Drone  
  13  0:23  Spawning Pool  
  13  0:25  Drone  
  13  0:30  Drone  
  14  0:36  Extractor  
  14  0:41  Overlord  
  13  0:46  Drone  
  14  1:00  Drone x2  
  16  1:08  Drone  
  17  1:29  Hatchery  
  16  1:35  Drone  
  16  1:36  Drone  
  18  1:41  Drone  
  19  1:51  Overlord  
  19  1:56  Metabolic Boost  
  19  2:02  Drone  
  20  2:15  Queen  
  22  2:17  Zergling x2  
  23  2:24  Spine Crawler  
  23  2:25  Drone  
  23  2:37  Zergling x2  
  23  2:40  Extractor  
  23  2:44  Drone  
  23  2:45  Roach Warren  
  23  2:54  Queen  
  25  3:01  Overlord  
  25  3:06  Drone  
  25  3:07  Drone  
  27  3:14  Drone  
  27  3:17  Drone  
  29  3:20  Drone  
  29  3:24  Overlord  
  30  3:29  Drone  
  31  3:35  Drone  
  32  3:42  Roach x2  
  32  3:43  Zergling x2  
  32  3:47  Drone  
  38  4:03  Drone x3  
  38  4:06  Lair  
  41  4:19  Overlord  
  41  4:24  Hatchery  
  40  4:25  Drone x2  
  40  4:26  Drone  
  40  4:30  Extractor  
  42  4:42  Drone  
  42  4:44  Drone x3  
  46  4:46  Roach x3  
  46  4:50  Roach  
  56  4:53  Roach  
  56  5:03  Drone x2  
  58  5:07  Overlord x2  
  58  5:08  Extractor  
  57  5:20  Glial Reconstitution  
  57  5:23  Hydralisk Den, Roach x2  
  57  5:25  Zergling x2  
  57  5:27  Zergling x4  
  63  5:42  Drone, Queen  
  66  5:43  Drone  
  66  5:45  Drone  
  66  5:46  Drone x2  
  70  5:53  Drone x2  
  70  5:54  Drone  
  70  5:55  Drone x2, Infestation Pit  
  74  5:59  Drone x2  
  76  6:06  Overlord x2  
  76  6:21  Hydralisk x3  
  76  6:23  Overlord x2  
  82  6:29  Extractor  
  82  6:30  Extractor  
  80  6:37  Drone  
  82  6:40  Drone x3  
  82  6:45  Drone x3  
  82  6:46  Drone x3  
  90  6:52  Overlord  
  90  6:53  Queen  
  92  6:56  Hydralisk  
  92  6:57  Hydralisk  
  92  6:58  Hydralisk  
  98  7:19  Drone x2  
  98  7:20  Drone x3, Evolution Chamber  
  102  7:24  Hydralisk  
  102  7:25  Hydralisk x5  
  107  7:31  Hydralisk x2  
  110  7:38  Hydralisk  
  110  7:39  Hydralisk x2  
  110  7:40  Hydralisk  
  110  7:44  Overlord  
  112  7:58  Queen  
  95  7:59  Hydralisk  
  95  8:02  Hydralisk x3  
  95  8:03  Hydralisk  
  90  8:15  Hydralisk x5  
  90  8:16  Hydralisk  
  72  8:35  Drone x2, Infestor  
  48  8:57  Roach x4  
  44  9:08  Overlord  
  44  9:10  Spawning Pool  
  44  9:13  Evolution Chamber  
Show
View Real Time Build Order
Export as new Build Order

Kswiss Protoss 

Build Orders: Oracle Opening 

Get SALT Encoding   

  12  0:01  Probe (Chrono Boost)  
  13  0:12  Probe (Chrono Boost)  
  14  0:25  Pylon  
  14  0:26  Probe (Chrono Boost)  
  15  0:43  Probe (Chrono Boost)  
  16  0:52  Gateway  
  16  0:54  Probe (Chrono Boost)  
  17  1:02  Forge  
  17  1:05  Probe (Chrono Boost)  
  17  1:06  Assimilator  
  18  1:16  Probe (Chrono Boost)  
  18  1:17  Pylon  
  19  1:26  Probe (Chrono Boost)  
  20  1:37  Probe (Chrono Boost)  
  21  1:44  Cybernetics Core  
  21  1:48  Photon Cannon  
  21  2:32  Pylon  
  21  2:41  Stargate  
  21  2:44  Photon Cannon  
  21  2:49  Photon Cannon  
  21  2:52  Assimilator  
  21  3:05  Probe (Chrono Boost)  
  22  3:07  Nexus  
  22  3:15  Pylon  
  22  3:16  Probe (Chrono Boost)  
  23  3:24  Oracle (Chrono Boost)  
  26  3:45  Pylon  
  26  3:59  Void Ray (Chrono Boost)  
  30  4:16  Photon Cannon  
  30  4:29  Stargate  
  30  4:31  Probe  
  31  4:42  Probe  
  31  4:44  Probe  
  33  4:46  Assimilator  
  33  4:52  Probe  
  33  4:56  Probe  
  35  5:03  Probe  
  35  5:05  Void Ray (Chrono Boost)  
  40  5:08  Probe  
  40  5:13  Probe  
  41  5:16  Assimilator  
  41  5:20  Probe  
  43  5:24  Probe  
  43  5:28  Void Ray (Chrono Boost)  
  48  5:32  Probe  
  48  5:35  Probe  
  49  5:37  Pylon  
  49  5:41  Pylon  
  50  5:45  Probe  
  48  6:16  Void Ray x2 (Chrono Boost)  
  56  6:22  Protoss Air Weapons Level 1 (Chrono Boost)  
  56  7:09  Protoss Shields Level 1  
  56  7:12  Nexus  
  56  7:15  Stargate  
  56  7:16  Stargate  
  56  7:21  Stargate  
  36  7:42  Phoenix (Chrono Boost)  
  40  7:45  Phoenix (Chrono Boost)  
  40  8:02  Phoenix (Chrono Boost)  
  40  8:04  Phoenix (Chrono Boost)  
  44  8:09  Phoenix (Chrono Boost)  
  48  8:27  Phoenix (Chrono Boost)  
  48  8:31  Phoenix (Chrono Boost)  
  48  8:32  Fleet Beacon  
  48  9:06  Probe  
  49  9:12  Assimilator x2  
  61  9:17  Probe  
  62  9:27  Probe  
  67  9:34  Probe  
  67  9:38  Probe  
Show
View Real Time Build Order
Export as new Build Order

mas Protoss 

Build Orders: Nexus First 

Get SALT Encoding   

  12  0:02  Probe (Chrono Boost)  
  13  0:22  Pylon  
  13  0:23  Probe (Chrono Boost)  
  14  0:33  Probe (Chrono Boost)  
  15  0:44  Probe (Chrono Boost)  
  16  1:00  Nexus  
  16  1:05  Probe (Chrono Boost)  
  17  1:15  Gateway  
  17  1:22  Assimilator  
  17  1:27  Assimilator  
  17  1:29  Probe (Chrono Boost)  
  19  1:40  Probe (Chrono Boost)  
  19  1:44  Pylon  
  19  1:51  Probe (Chrono Boost)  
  20  2:02  Probe (Chrono Boost)  
  20  2:04  Cybernetics Core  
  21  2:12  Probe (Chrono Boost)  
  21  2:15  Probe (Chrono Boost)  
  23  2:22  Assimilator  
  23  2:23  Probe (Chrono Boost)  
  23  2:28  Assimilator  
  24  2:33  Probe x2 (Chrono Boost)  
  26  2:48  Stargate  
  26  2:53  Stargate  
  26  3:00  Probe (Chrono Boost)  
  26  3:01  Probe (Chrono Boost)  
  28  3:11  Probe (Chrono Boost)  
  29  3:13  Stargate  
  29  3:20  Pylon  
  29  3:25  Protoss Air Weapons Level 1 (Chrono Boost)  
  29  3:34  Probe  
  29  3:35  Probe  
  31  3:44  Probe  
  32  3:49  Void Ray  
  32  3:55  Probe  
  37  4:03  Void Ray  
  37  4:05  Probe  
  42  4:19  Void Ray  
  46  4:29  Pylon  
  46  4:37  Void Ray  
  50  4:49  Void Ray  
  50  4:51  Probe  
  50  4:52  Probe  
  56  5:07  Protoss Air Armor Level 1 (Chrono Boost)  
  56  5:12  Void Ray  
  60  5:23  Pylon  
  60  5:28  Stargate  
  60  5:31  Pylon  
  60  5:39  Probe  
  61  5:43  Probe  
  61  5:49  Pylon  
  62  5:50  Probe  
  62  5:53  Void Ray  
  67  6:16  Void Ray  
  67  6:17  Void Ray  
  75  6:21  Void Ray  
  79  6:52  Void Ray  
  79  6:53  Pylon  
  83  6:59  Nexus  
  83  7:02  Assimilator  
  83  7:07  Pylon  
  83  7:10  Pylon  
  83  7:26  Fleet Beacon  
  79  7:43  Void Ray  
  79  7:44  Void Ray  
  87  8:00  Void Ray x2  
  91  8:35  Void Ray x2  
  99  8:43  Void Ray  
  99  9:02  Void Ray  
  103  9:11  Probe  
  104  9:21  Probe  
  113  9:28  Assimilator  
  113  9:32  Probe  
Show
View Real Time Build Order
Export as new Build Order

solidwilliam Terran 

Build Orders:  

Get SALT Encoding   

  12  0:01  SCV  
  13  0:13  SCV  
  14  0:21  Supply Depot  
  14  0:25  SCV  
  15  0:42  SCV  
  16  0:52  Barracks  
  16  0:54  SCV  
  17  1:06  Refinery  
  17  1:07  Barracks, SCV  
  18  1:19  SCV  
  19  1:26  Refinery  
  19  1:31  SCV  
  20  1:43  SCV  
  21  1:53  Barracks Reactor  
  21  1:55  SCV  
  22  2:02  Barracks Reactor  
  22  2:09  Supply Depot  
  22  2:12  SCV  
  23  2:32  Marine x2  
  25  2:37  Supply Depot  
  25  2:39  Marine x2  
  27  3:00  Marine x4  
  27  3:03  Command Center  
  31  3:09  Supply Depot  
  31  3:15  Orbital Command  
  31  3:17  Marine  
  31  3:18  Marine  
  33  3:41  Marine  
  33  3:42  Marine x3  
  33  3:44  Supply Depot  
  37  3:50  SCV  
  37  3:54  Supply Depot  
  38  4:02  SCV  
  39  4:14  SCV  
  40  4:26  SCV  
  41  4:33  Engineering Bay  
  41  4:38  SCV  
  42  4:39  SCV  
  43  4:50  SCV  
  43  4:51  SCV  
  45  5:02  Refinery  
  45  5:03  SCV  
  45  5:06  Factory  
  46  5:11  Marine  
  46  5:12  Marine  
  46  5:13  Marine  
  49  5:15  SCV  
  50  5:26  Barracks  
  50  5:27  SCV  
  51  5:39  SCV  
  52  5:51  SCV  
  52  5:52  Command Center  
  49  6:03  SCV  
  50  6:15  Barracks  
  50  6:16  SCV  
  51  6:28  SCV  
  51  6:29  SCV  
  53  6:38  Refinery  
  53  6:40  SCV  
  53  6:41  SCV  
  55  6:52  Starport, SCV  
  55  6:53  SCV  
  57  6:56  Starport  
  57  6:59  Starport  
  57  7:00  Barracks Tech Lab  
  57  7:01  Marine x4  
  58  7:04  SCV  
  58  7:05  SCV, Barracks Reactor  
  63  7:09  SCV  
  63  7:13  Refinery  
  64  7:16  SCV  
  64  7:18  Terran Infantry Weapons Level 1  
  64  7:21  SCV  
  66  7:28  SCV  
  67  7:40  SCV  
  67  7:42  Starport Reactor x3  
  68  7:52  SCV  
  68  7:56  Marine x7  
  76  8:01  Command Center  
  75  8:13  Marine  
  71  9:06  Refinery  
  71  9:12  Engineering Bay  
  71  9:13  Medivac  
  71  9:14  Medivac  
  71  9:15  Medivac  
  71  9:16  Viking x2  
  80  9:17  Viking  
  82  9:26  Refinery, SCV  
  82  9:28  SCV  
  85  9:38  SCV  
  85  9:42  Supply Depot  
Tags
 
Add a new tag
Caveats
  • Supply blocks, unpowered buildings, or Contaminate may cause inaccurate times.
  • Supply counts are checked every 10 seconds.